 Dungeon Crawl Stone Soup version 0.29-a0-25-g7f48f510a0 (webtiles) character file.

Game seed: 7719839439003024155

59 Bosse the Magician (level 3, 0/24 HPs)
             Began as a Demonspawn Hedge Wizard on Jan 31, 2022.
             Was an Initiate of Hepliaklqana.
             Slain by a hornet zombie (12 damage)
             ... on level 4 of the Dungeon.
             The game lasted 00:10:56 (3960 turns).

Bosse the Magician (Demonspawn Hedge Wizard)        Turns: 3960, Time: 00:10:57

Health: 0/24       AC:  2    Str: 10    XL:     3   Next: 78%
Magic:  1/8        EV: 12    Int: 19    God:    Hepliaklqana [......]
Gold:   172        SH:  0    Dex: 12    Spells: 8/9 levels left

rFire   . . .      SeeInvis .   d - +2 short sword (speed)
rCold   . . .      Faith    .   (no shield)
rNeg    . . .      Spirit   .   b - +0 robe
rPois   .          Reflect  .   c - +0 hat
rElec   .          Harm     .   (no cloak)
rCorr   .          Rampage  .   (no gloves)
Will    .....                   (no boots)
Stlth   ++........              (no amulet)
HPRegen 0.08/turn               (no ring)
MPRegen 0.11/turn               (no ring)

@: no status effects
A: antennae 1, big brain 1
a: Renounce Religion


You were on level 4 of the Dungeon.
You worshipped Hepliaklqana.
Hepliaklqana was noncommittal.
You visited 1 branch of the dungeon, and saw 4 of its levels.

You collected 172 gold pieces.

Inventory:

Hand Weapons
 a - a +0 dagger
 d - a +2 short sword of speed (weapon)
Armour
 b - a +0 robe (worn)
 c - a +0 hat (worn)
Potions
 e - a potion of might
 g - a potion of lignification {unknown}


   Skills:
 - Level 1.8 Dodging
 - Level 1.8 Stealth
 + Level 3.7 Spellcasting
 + Level 2.5 Conjurations
 - Level 1.0 Summonings
 - Level 1.0 Translocations


You had 8 spell levels left.
You knew the following spells:

 Your Spells              Type           Power      Damage    Failure   Level
a - Magic Dart            Conj           52%        1d5       4%          1

Your spell library contained the following spells:

 Spells                   Type           Power      Damage    Failure   Level
 Pain                     Necr           12%        1d4       14%         1
 Slow                     Hex            12%        N/A       14%         1
 Blink                    Tloc           14%        N/A       14%         2
 Call Imp                 Summ           7%         N/A       14%         2
 Conjure Flame            Conj/Fire      8%         6-21      26%         3
 Mephitic Cloud           Conj/Pois/Air  6%         N/A       30%         3
 Agony                    Necr           3%         N/A       98%         5
 Excruciating Wounds      Necr           1%         N/A       98%         5


Dungeon Overview and Level Annotations

Branches:
Dungeon (4/15)
 Temple: D:4-7

Altars:
Hepliaklqana

Annotations:
D:2 Sigmund
D:3 2 runed translucent doors, erthbison's ghost, amateur GrFi


Innate Abilities, Weirdness & Mutations

You have a pair of small antennae on your head.
You have an unusually large brain. (Int +2)


Message History

You are frozen.
The magic dart hits the endoplasm.
You kill the endoplasm!
Your magical contamination has completely faded away.
HP restored.
Magic restored.
A hornet zombie comes into view.
The magic dart hits the hornet zombie.
The hornet zombie is lightly damaged.
The magic dart hits the hornet zombie but does no damage.
The hornet zombie is lightly damaged.
The magic dart hits the hornet zombie.
The hornet zombie is lightly damaged.
The hornet zombie barely misses you.
The magic dart hits the hornet zombie but does no damage.
The hornet zombie is lightly damaged.
The hornet zombie barely misses you.
The magic dart hits the hornet zombie.
The hornet zombie is lightly damaged.
The hornet zombie hits you. The hornet zombie barely misses you.
The magic dart hits the hornet zombie.
The hornet zombie is moderately damaged.
The hornet zombie misses you.
The magic dart hits the hornet zombie.
The hornet zombie is moderately damaged.
The hornet zombie barely misses you.
The magic dart hits the hornet zombie.
The hornet zombie is moderately damaged.
The hornet zombie misses you.
The magic dart hits the hornet zombie.
The hornet zombie is heavily damaged.
The hornet zombie closely misses you. x2
You are too depleted to draw on your mana recklessly!
You are too depleted to draw on your mana recklessly!
You are too depleted to draw on your mana recklessly!
The hornet zombie closely misses you. The hornet zombie hits you!
The hornet zombie hits you!
Ouch! That really hurt!
You die...

#. .........##
###..#######...#
...............#
######.######.#
#.#......#
#.#.####.# # #.#
#.#
#.####.####.#.#
#..@Z.......#.#
#############.#
..............#
.#######..#####
#.## #.#######.#
#...<.....#
#######.###
####.#


You could see a hornet zombie.

Vanquished Creatures
  2 dart slugs
  4 orcs (D:3)
  5 bats
  3 endoplasms
  3 giant cockroaches (D:1)
  3 goblins
  5 hobgoblins
  4 jackals (D:1)
  7 kobolds
  A quokka (D:3)
  A ball python (D:3)
  3 frilled lizards
  3 rats
44 creatures vanquished.

Notes
Turn   | Place    | Note
-------+----------+-------------------------------------------
     0 | D:1      | Bosse the Demonspawn Hedge Wizard began the quest for the
                  | Orb.
     0 | D:1      | Reached XP level 1. HP: 13/13 MP: 4/4
    82 | D:1      | Reached skill level 1 in Translocations
   286 | D:1      | Gained mutation: You have a pair of small antennae on your
                  | head. [demonic ancestry]
   286 | D:1      | Reached XP level 2. HP: 16/19 MP: 3/6
  1376 | D:2      | Noticed Sigmund
  1688 | D:2      | Identified the +0 ring mail of Dowdy Awe {rPois}
  1735 | D:2      | Gained mutation: You have an unusually large brain. (Int
                  | +2) [demonic ancestry]
  1735 | D:2      | Reached XP level 3. HP: 24/24 MP: 3/7
  3336 | D:3      | Found a hazy altar of Hepliaklqana.
  3340 | D:3      | Became a worshipper of Hepliaklqana the Forgotten
  3672 | D:3      | Found a large runed translucent door.
  3673 | D:3      | Found a large runed translucent door.
  3674 | D:3      | Noticed erthbison's ghost (amateur GrFi)
  3960 | D:4      | Slain by a hornet zombie

Illustrated notes

Levels and vault maps discovered:
D:1:      dpeg_arrival_short_road, layout_basic
D:2:      layout_loops_corners, grunt_ministairs_11, uniq_robin, uniq_sigmund
D:3:      layout_basic, nzn_hepliaklqana_mist_gate, ebering_ghost_disaster_area,
          minmay_misc_feat_square, dk_noncrumbling_2
D:4:      layout_loops_ring, lemuel_doored_altar, marbit_many_paths,
          minmay_temple_entry_arrows, roderic_lattice_a

Skill      XL: |  1  2 |
---------------+-------+-----
Translocations | 1 |  1.0
Conjurations   | 2 |  2.5
Dodging        | |  1.8
Stealth        | |  1.8
Spellcasting   | |  3.7
Summonings     | |  1.0

Action                   || total
-------------------------++-------
Melee: Dagger            ||     5
       Short sword       ||    33
 Cast: Magic Dart        ||   112
  Use: Scroll            ||     3
Armor: Robe              ||    11
Dodge: Dodged            ||    49

Table legend: (Time is in decaauts)
 A = Elapsed time spent in this place.
 B = Non-inter-level travel time spent in this place.
 C = Inter-level travel time spent in this place.
 D = Time resting spent in this place.
 E = Time spent auto-exploring this place.
 F = Levels seen in this place.
 G = Mean time per level.
                   A        B        C        D        E       F      G
               +--------+--------+--------+--------+--------+-----+--------+
         Total |   3952 |   3871 |     81 |    601 |   2599 |   4 |  988.0 |
       Dungeon |   3952 |   3871 |     81 |    601 |   2599 |   4 |  988.0 |
               +--------+--------+--------+--------+--------+-----+--------+

Top non-repeatable levels by time:
     D:1: 1919 daAuts
     D:3: 1532 daAuts
     D:2: 378 daAuts
     D:4: 121 daAuts
